 Dungeon Crawl Stone Soup version 0.30-a0-578-gdee14c521f (webtiles) character file.

Game seed: 10137642228886593151

379 purpskrrrp the Shooter (level 6, 0/48 HPs)
             Began as a Barachi Hunter on Jan 1, 2023.
             Slain by an iguana (10 damage)
             ... on level 5 of the Dungeon.
             The game lasted 00:04:46 (3003 turns).

purpskrrrp the Shooter (Barachi Hunter)             Turns: 3003, Time: 00:04:47

Health: 0/48       AC:  5    Str: 12    XL:     6   Next: 74%
Magic:  6/6        EV: 13    Int: 10    God:
Gold:   195        SH:  0    Dex: 17    Spells: 5/5 levels left

rFire   . . .      SeeInvis .    a - +0 shortbow
rCold   . . .      Faith    +    (shield currently unavailable)
rNeg    . . .      Spirit   .    c - +1 leather armour
rPois   .          Reflect  .    (no helmet)
rElec   .          Harm     .    (no cloak)
rCorr   .          Rampage  .    (no gloves)
Will    .....                    m - +0 pair of boots
Stlth   ++                       f - amulet of faith
HPRegen 0.28/turn                (no ring)
MPRegen 0.10/turn                (no ring)

@: slow
A: amphibious, slowness 1, strong legs 1, +LOS
a: Hop


You were on level 5 of the Dungeon.
You visited 1 branch of the dungeon, and saw 5 of its levels.

You collected 195 gold pieces.

Inventory:

Hand Weapons
 a - a +0 shortbow (weapon)
Armour
 c - a +1 leather armour (worn)
 m - a +0 pair of boots (worn)
Jewellery
 f - an amulet of faith (around neck)
Scrolls
 b - 2 scrolls of immolation
 h - a scroll of identify
 i - a scroll of amnesia
 l - a scroll of summoning
 n - a scroll of poison
Potions
 d - 5 potions of curing
 e - a potion of haste
 g - a potion of ambrosia
 j - a potion of brilliance
 k - a potion of might
 o - a potion of flight


   Skills:
 + Level 4.0 Fighting
 * Level 5.6 Ranged Weapons
 + Level 2.9 Armour
 + Level 3.5 Dodging
 + Level 2.6 Stealth


You had 5 spell levels left.
You didn't know any spells.
Your spell library was empty.

Dungeon Overview and Level Annotations

Branches:
Dungeon (5/15)
 Temple: D:4-7

Altars:
Ashenzari


Innate Abilities, Weirdness & Mutations

You are amphibious.
You cover ground slowly.
You can hop short distances.
You have an extended range of vision and can be seen from far away.


Message History

You shoot an arrow.
The arrow hits the phantom but does no damage.
The phantom is almost destroyed.
The phantom hits you.
* * * LOW HITPOINT WARNING * * *
The phantom blinks!
You blink.
Found a glowing falchion.
Fire: a) +0 shortbow
Press: ? - help, Shift-Dir - straight line, f/p - phantom
Aim: a phantom (almost destroyed, 53% to hit)
You shoot an arrow. The arrow barely misses the phantom.
The phantom hits you but does no damage.
The phantom completely misses you. The iguana closely misses you.
Fire: a) +0 shortbow
Press: ? - help, Shift-Dir - straight line, f/p - phantom
Aim: a phantom (almost destroyed, 53% to hit)
You shoot an arrow. The arrow barely misses the phantom.
The iguana completely misses you. The phantom closely misses you.
Fire: a) +0 shortbow
Press: ? - help, Shift-Dir - straight line, f/p - phantom
Aim: a phantom (almost destroyed, 53% to hit)
You shoot an arrow. The arrow hits the phantom!
You destroy the phantom!
The iguana closely misses you.
Your Fighting skill increases to level 4!
Fire: a) +0 shortbow
Press: ? - help, Shift-Dir - straight line, f - iguana
Aim: an iguana (68% to hit)
You shoot an arrow. The arrow barely misses the iguana.
The iguana bites you.
* * * LOW HITPOINT WARNING * * *
The iguana closely misses you.
Fire: a) +0 shortbow
Press: ? - help, Shift-Dir - straight line, f/p - iguana
Aim: an iguana (68% to hit)
You shoot an arrow. The arrow closely misses the iguana.
The iguana bites you.
* * * LOW HITPOINT WARNING * * *
Fire: a) +0 shortbow
Press: ? - help, Shift-Dir - straight line, f/p - iguana
Aim: an iguana (68% to hit)
You shoot an arrow. The arrow closely misses the iguana.
The iguana bites you!
You die...

...###.......## #.). .#
.....#.>......###..# ..
.....#......#......# .#
#...........#......# .#
[...........##..######.##
............##....##.....
.....#|................#
.....#...##.....l......####...
...#............@.............
......##.....................$
#####.#..#....................
...../.#............#....#
....##.............#..# #.##
.... ................## .#
.........###.........# #
....... ##......).# .>..#...
#.........


You could see an iguana.

Vanquished Creatures
  A phantom (D:5)
  A scorpion (D:4)
  An iguana (D:4)
  2 orc wizards
  5 adders
  An ufetubus (D:5)
  2 worms
  2 dart slugs
  19 orcs
  9 ball pythons
  5 bats
  3 endoplasms
  2 giant cockroaches
  11 goblins
  9 hobgoblins
  5 quokkas
  3 frilled lizards (D:3)
  7 kobolds
  6 rats
94 creatures vanquished.

Notes
Turn   | Place    | Note
-------+----------+-------------------------------------------
     0 | D:1      | purpskrrrp the Barachi Hunter began the quest for the Orb.
     0 | D:1      | Reached XP level 1. HP: 17/17 MP: 1/1
    89 | D:1      | Reached skill level 1 in Stealth
   146 | D:1      | Reached XP level 2. HP: 23/23 MP: 2/2
   334 | D:1      | Reached skill level 1 in Armour
   358 | D:1      | Reached XP level 3. HP: 28/28 MP: 3/3
   812 | D:2      | Reached XP level 4. HP: 35/35 MP: 4/4
  1136 | D:2      | Found a faded altar of an unknown god.
  1405 | D:3      | Found a broken altar of Ashenzari.
  1470 | D:3      | Reached XP level 5. HP: 26/41 MP: 5/5
  2184 | D:3      | Reached skill level 5 in Ranged Weapons
  2420 | D:4      | Reached XP level 6. HP: 48/48 MP: 6/6
  2950 | D:5      | Entered Level 5 of the Dungeon
  3003 | D:5      | Slain by an iguana

Illustrated notes

Levels and vault maps discovered:
D:1:      minmay_arrival_solitary_statue, layout_rooms, minmay_tetromino_l4
D:2:      layout_loops_corners, nicolae_ecumenical_pavilion,
          minmay_misc_feat_diagonals, kennysheep_generic_room_12
D:3:      layout_basic, mainiacjoe_overflow_six_doors_small, serial_rivers,
          chequers_serial_rivers_room_a, chequers_serial_rivers_micro_a,
          chequers_serial_rivers_micro_c, chequers_serial_rivers_micro_c,
          chequers_serial_rivers_large_b
D:4:      layout_loops_ring, minmay_pentomino_pile
D:5:      layout_cave_pools, lemuel_temple_firewalk_b

Skill      XL: |  1  2  3  4  5  6 |
---------------+-------------------+-----
Stealth        | 1 2 |  2.6
Armour         | 1 2 |  2.9
Fighting       | 3 4 |  4.0
Dodging        | 3 |  3.5
Ranged Weapons | 5 |  5.6

Action                   |  1- 3 |  4- 6 || total
-------------------------+-------+-------++-------
 Fire: Shortbow          |    84 |   246 ||   330
  Use: Scroll            |     3 |     9 ||    12
Armor: Leather armour    |     5 |    37 ||    42
Dodge: Dodged            |     9 |    85 ||    94

Table legend: (Time is in decaauts)
 A = Elapsed time spent in this place.
 B = Non-inter-level travel time spent in this place.
 C = Inter-level travel time spent in this place.
 D = Time resting spent in this place.
 E = Time spent auto-exploring this place.
 F = Levels seen in this place.
 G = Mean time per level.
                   A        B        C        D        E       F      G
               +--------+--------+--------+--------+--------+-----+--------+
         Total |   3568 |   3414 |    154 |      0 |   2805 |   5 |  713.6 |
       Dungeon |   3568 |   3414 |    154 |      0 |   2805 |   5 |  713.6 |
               +--------+--------+--------+--------+--------+-----+--------+

Top non-repeatable levels by time:
     D:3: 1090 daAuts
     D:2: 895 daAuts
     D:4: 809 daAuts
     D:1: 706 daAuts
     D:5: 65 daAuts
